 Dungeon Crawl Stone Soup version 0.27.1-1-g398f81649c (webtiles) character file.

Game seed: 2875609278305228497

70 Waffleater7 the Covered (level 4, -2/38 HPs)
             Began as a Gnoll Wanderer on Sept 14, 2021.
             Was a Believer of Trog.
             Killed from afar by an orc wizard (3 damage)
             ... with a puff of flame
             ... on level 3 of the Dungeon on Sept 16, 2021.
             The game lasted 00:08:15 (1620 turns).

Waffleater7 the Covered (Gnoll Wanderer)            Turns: 1620, Time: 00:08:16

Health: -2/38      AC: 12    Str: 12    XL:     4   Next: 21%
Magic:  11/11      EV:  8    Int: 10    God:    Trog [**....]
Gold:   143        SH:  4    Dex: 13    Spells: 12/13 levels left

rFire    . . .     SeeInvis .   a - +0 hand axe
rCold    . . .     Faith    .   l - +0 buckler
rNeg     . . .     Spirit   .   b - +2 scale mail
rPois    .         Reflect  .   k - +1 helmet
rElec    .         Harm     .   (no cloak)
rCorr    .         Rampage  .   (no gloves)
Will     .....                  (no boots)
Stlth    ..........             (no amulet)
HPRegen  0.12/turn              (no ring)
MPRegen  0.12/turn              (no ring)

@: flying, invisible
A: fangs 1, strong nose, distributed training
a: Renounce Religion, Berserk, Trog's Hand


You were on level 3 of the Dungeon.
You worshipped Trog.
Trog was pleased with you.
You visited 1 branch of the dungeon, and saw 3 of its levels.

You collected 143 gold pieces.

Inventory:

Hand Weapons
 a - a +0 hand axe (weapon)
 c - a +0 spear
 d - a +0 club
 g - a +0 dagger
 h - a +0 short sword
Missiles
 e - 21 arrows
 q - 7 bolts
 r - 45 stones
Armour
 b - a +2 scale mail (worn)
 f - a +0 leather armour
 j - a +0 leather armour
 k - a +1 helmet (worn)
 l - a +0 buckler (worn)
Scrolls
 m - a scroll of amnesia
 p - a scroll of brand weapon {unknown}
Potions
 t - a potion of heal wounds {unknown}


   Skills:
 + Level 4.6 Fighting
 + Level 1.0 Short Blades
 + Level 1.0 Long Blades
 + Level 1.0 Axes
 + Level 1.0 Maces & Flails
 + Level 1.0 Polearms
 + Level 1.0 Staves
 + Level 1.0 Slings
 + Level 1.0 Bows
 + Level 1.0 Crossbows
 + Level 2.7 Throwing
 + Level 6.6 Armour
 + Level 1.0 Dodging
 + Level 1.0 Stealth
 + Level 1.0 Shields
 + Level 1.0 Unarmed Combat
 + Level 5.0 Spellcasting
 + Level 0.8 Conjurations
 + Level 0.8 Hexes
 + Level 0.8 Summonings
 + Level 0.8 Necromancy
 + Level 0.8 Translocations
 + Level 0.8 Transmutations
 + Level 0.8 Fire Magic
 + Level 2.2 Ice Magic
 + Level 0.8 Air Magic
 + Level 0.8 Earth Magic
 + Level 0.8 Poison Magic
 + Level 1.1 Invocations
 + Level 2.7 Evocations


You had 12 spell levels left.
You knew the following spells:

 Your Spells              Type           Power      Damage    Failure   Level
a - Apportation           Tloc           8%         N/A       71%         1

Your spell library contained the following spells:

 Spells                   Type           Power      Damage    Failure   Level
 Teleport Other           Tloc           4%         N/A       97%         3
 Malign Gateway           Summ/Tloc      2%         N/A       100%        7
 Summon Horrible Things   Summ           2%         N/A       100%        8


Dungeon Overview and Level Annotations

Branches:
Dungeon (3/15)

Altars:
Trog


Innate Abilities, Weirdness & Mutations

You have very sharp teeth.
Your uncanny sense of smell can sniff out nearby items.
Your experience applies equally to all skills.


Message History

You hit the quokka.
The quokka is severely wounded.
You miss something.
Your shield and scale mail prevent you from hitting the orc wizard.
The quokka bites you. Something hits you but does no damage.
The orc wizard hits you but does no damage.
You miss the quokka.
The quokka is severely wounded.
You hit the orc wizard. You hit something but do no damage.
The quokka bites you but does no damage.
The orc wizard hits you with a +0 dagger.
* * * LOW HITPOINT WARNING * * *
Something hits you.
* * * LOW HITPOINT WARNING * * *
The quokka bites you but does no damage.
Unknown command.
As you read the scroll labelled QULEUSCHUOL, it crumbles to dust.
It is a scroll of identify.
m - a scroll of amnesia The orc wizard hits you with a +0 dagger.
* * * LOW HITPOINT WARNING * * *
Something hits you but does no damage. You block the quokka's attack.
You hit the quokka.
You kill the quokka!
Trog accepts your kill.
You hit the orc wizard but do no damage.
You hit something but do no damage.
The orc wizard points at you and mumbles some strange words.
The puff of flame hits you.
* * * LOW HITPOINT WARNING * * *
Something hits you but does no damage. You block something's attack.
The orc wizard casts a spell at you. The puff of flame hits you.
* * * LOW HITPOINT WARNING * * *
It was a potion of invisibility.
You fade into invisibility!
You hear some strange, mumbled words.
A puff of flame appears from out of thin air!
The puff of flame hits you.
You die...

..... .... #... ..
#.. ∆. #.. o #.# .#
#{##.#### #@).....(
#.##.o..(...
####>##.##.###.
...<.......# #
.....##.######.##
###..##.........###
#..#####.........
#..# #.###..###
#..# #.# #..#


You could see an orc wizard.

Vanquished Creatures
  An adder (D:3)
  A worm (D:2)
  5 dart slugs
  3 orcs (D:3)
  A ball python (D:1)
  3 endoplasms
  6 goblins
  2 hobgoblins
  4 jackals
  A quokka (D:3)
  3 bats
  A frilled lizard (D:1)
  7 kobolds
  6 rats
44 creatures vanquished.

Vanquished Creatures (others)
  2 plants (D:1)
2 creatures vanquished.

Grand Total: 46 creatures vanquished

Notes
Turn   | Place    | Note
-------+----------+-------------------------------------------
     0 | D:1      | Waffleater7 the Gnoll Wanderer began the quest for the Orb.
     0 | D:1      | Waffleater7 set off with the following items: a +0 hand
                  | axe, a +2 scale mail; and the following spell memorised:
                  | Apportation; and the following spells available to
                  | memorise: Teleport Other
     0 | D:1      | Reached XP level 1. HP: 20/20 MP: 6/6
   105 | D:1      | Reached XP level 2. HP: 26/26 MP: 7/7
   229 | D:1      | Found a faded altar of an unknown god.
   236 | D:1      | Became a worshipper of Trog the Wrathful
   236 | D:1      | Reached * piety under Trog
   403 | D:1      | Reached XP level 3. HP: 30/31 MP: 9/9
   423 | D:1      | Reached skill level 5 in Spellcasting
   770 | D:2      | Reached skill level 1 in Invocations
  1519 | D:3      | Reached skill level 1 in Short Blades
  1519 | D:3      | Reached skill level 1 in Long Blades
  1519 | D:3      | Reached skill level 1 in Axes
  1519 | D:3      | Reached skill level 1 in Maces & Flails
  1519 | D:3      | Reached skill level 1 in Polearms
  1519 | D:3      | Reached skill level 1 in Staves
  1519 | D:3      | Reached skill level 1 in Slings
  1519 | D:3      | Reached skill level 1 in Bows
  1519 | D:3      | Reached skill level 1 in Crossbows
  1519 | D:3      | Reached skill level 1 in Dodging
  1519 | D:3      | Reached skill level 1 in Stealth
  1519 | D:3      | Reached skill level 1 in Shields
  1519 | D:3      | Reached skill level 1 in Unarmed Combat
  1527 | D:3      | Reached ** piety under Trog
  1528 | D:3      | Reached XP level 4. HP: 38/38 MP: 11/11
  1619 | D:3      | HP: 1/38 [orc wizard/puff of flame (4)]
  1620 | D:3      | Killed from afar by an orc wizard

Illustrated notes

Levels and vault maps discovered:
D:1:      dpeg_arrival_tiny_i, layout_rooms,
          shapermc_ecumenical_altar_mp_ritualfount, minmay_tetromino_i2
D:2:      layout_loops_cross, chequers_serial_rivers_small_3
D:3:      cheibrodos_thug_alley, layout_loops_ring, uniq_robin

Skill      XL: |  1  2  3 |
---------------+----------+-----
Ice Magic      | 2 |  2.2
Spellcasting   | 5 |  5.0
Invocations    | 1 |  1.1
Short Blades   | 1 |  1.0
Long Blades    | 1 |  1.0
Axes           | 1 |  1.0
Maces & Flails | 1 |  1.0
Polearms       | 1 |  1.0
Staves         | 1 |  1.0
Slings         | 1 |  1.0
Bows           | 1 |  1.0
Crossbows      | 1 |  1.0
Dodging        | 1 |  1.0
Stealth        | 1 |  1.0
Shields        | 1 |  1.0
Unarmed Combat | 1 |  1.0
Fighting       | |  4.6
Throwing       | |  2.7
Armour         | |  6.6
Conjurations   | |  0.8
Hexes          | |  0.8
Summonings     | |  0.8
Necromancy     | |  0.8
Translocations | |  0.8
Transmutations | |  0.8
Fire Magic     | |  0.8
Air Magic      | |  0.8
Earth Magic    | |  0.8
Poison Magic   | |  0.8
Evocations     | |  2.7

Action                   |  1- 3 |  4- 6 || total
-------------------------+-------+-------++-------
Melee: Hand axe          |   116 |    18 ||   134
       Bite              |    15 |       ||    15
  Use: Potion            |     1 |     3 ||     4
       Scroll            |       |     1 ||     1
Armor: Scale mail        |    65 |    31 ||    96
Dodge: Dodged            |    49 |    11 ||    60
Block: Buckler           |     8 |     7 ||    15
